[Event "Live Chess"]
[Site "Chess.com"]
[Date "2024.06.01"]
[Round "-"]
[White "Pedrada88"]
[Black "SavagePawn7"]
[Result "1-0"]
[WhiteElo "2552"]
[BlackElo "685"]
[TimeControl "300"]
[EndTime "10:09:00 PDT"]
[Termination "Pedrada88 won by checkmate"]

1. e4 d5 2. exd5 Nf6 3. d4 Nxd5 4. Nf3 Nc6 5. c4 Nf6 6. d5 Nb8 7. Nc3 e6 8. Bf4 exd5 9. cxd5 Bb4 10. Bb5+ c6 11.
dxc6 Qxd1+ 12. Rxd1 O-O 13. c7 Nc6 14. O-O Bxc3 15. bxc3 Na5 16. Bd6 a6 17. Bxf8 axb5 18. Rd8 Nc6 19. Be7+ Nxd8 20. cxd8=Q+ Ne8 21. Qxe8# 1-0

[Event "Live Chess"]
[Site "Chess.com"]
[Date "2024.06.01"]
[Round "-"]
[White "SergiiA"]
[Black "dl_chess"]
[Result "1-0"]
[WhiteElo "1552"]
[BlackElo "1163"]
[TimeControl "300"]
[EndTime "10:09:14 PDT"]
[Termination "SergiiA won by resignation"]

1. c4 e5 2. Nc3 Nc6 3. g3 Nf6 4. Bg2 Bc5 5. e3 d6 6. Nge2 O-O 7. O-O Bf5 8. h3 Qd7 9. Kh2 d5 10. d4 exd4 11. exd4 Bd6 12. cxd5 Ne7 13. Bg5 Rfe8 14. Bxf6 gxf6 15. Qd2 Kh8 16. Rae1 Rg8 17. Nf4 Ng6 18. Ne4 Nxf4 19. Nxf6 Qb5 20. gxf4 Rxg2+ 21. Kxg2 Bb4 22.
Qe2 Bxe1 23. Qxb5 Bxh3+ 24. Kxh3 1-0

[Event "Live Chess"]
[Site "Chess.com"]
[Date "2024.06.01"]
[Round "-"]
[White "Ferrarifan27"]
[Black "Yarigo"]
[Result "0-1"]
[WhiteElo "2074"]
[BlackElo "2389"]
[TimeControl "300"]
[EndTime "10:09:14 PDT"]
[Termination "Yarigo won by checkmate"]

1. e4 e5 2. Nf3 Nc6 3. Bb5 a6 4. Ba4 Nf6 5. O-O Nxe4 6. d4 b5 7.
Bb3 d5 8. dxe5 Be6 9. Nbd2 Be7 10. Nxe4 dxe4 11. Qxd8+ Rxd8 12. Ng5 Nxe5 13. Bxe6 fxe6 14.
Nxe6 Rd7 15. Nxg7+ Kf7 16. Nf5 Bf6 17. Rb1 c5 18. b3 c4 19. Bb2 Rd2 20. Rfc1 Rc8 21. Bc3 Rd7 22. Kf1 cxb3 23. cxb3 Nd3 24. Nh6+ Kg6 25.
Bxf6 Nxc1 26. Ng4 Rd1# 0-1

[Event "Live Chess"]
[Site "Chess.com"]
[Date "2024.06.01"]
[Round "-"]
[White "lyricalschemes"]
[Black "blunderabit"]
[Result "1-0"]
[WhiteElo "2195"]
[BlackElo "1814"]
[TimeControl "300"]
[EndTime "10:09:20 PDT"]
[Termination "lyricalschemes won by resignation"]

1. e4 c5 2. Nf3 d6 3. Bb5+ Bd7 4. Bxd7+ Qxd7 5. O-O Nc6 6. Re1 g6 7. c3 Bg7 8. d4 Nf6 9. Bg5 O-O 10. Qd2 b6 11.
Bh6 Bxh6 12. Qxh6 Qg4 13. e5 dxe5 14. dxe5 Nd5 15. Ng5 Qh5 16. Qxh5 gxh5 17. Na3 Rad8 18. e6 f6 19. Nf7 Rc8 20. Nc4 Nd8 21. Nh6+ Kh8 22. Rad1 Nf4 23. g3 Nfxe6 24. Rd7 Rc7 25. Rxc7 Nxc7 26. Rxe7 Nde6 27. Nd6 h4 28. f4 h3 29. f5 1-0

[Event "Live Chess"]
[Site "Chess.com"]
[Date "2024.06.01"]
[Round "-"]
[White "DukeBG"]
[Black "OliWally08"]
[Result "0-1"]
[WhiteElo "473"]
[BlackElo "1258"]
[TimeControl "300"]
[EndTime "10:09:34 PDT"]
[Termination "OliWally08 won by resignation"]

1. e4 d5 2. d4 dxe4 3. d5 Nf6 4. Bf4 Nxd5 5. g3 Nxf4 6. gxf4 Qxd1+ 7. Kxd1 Bg4+ 8.
Be2 Bxe2+ 9. Nxe2 Nc6 10. c4 O-O-O+ 11. Nd2 e6 12. Nc3 f5 13. Kc2 Bb4 14. Rhd1 Bxc3 15. bxc3 e5 16. fxe5 Nxe5 17. c5 Rd5 18. Kb3 Rhd8 19.
Nc4 Rxd1 20. Rxd1 Rxd1 21. Nxe5 Rd2 22. a4 Rxf2 23. Kb4 e3 24. Nd3 Rxh2 0-1

[Event "Live Chess"]
[Site "Chess.com"]
[Date "2024.06.01"]
[Round "-"]
[White "PureDashingOctopus"]
[Black "TC2304"]
[Result "1-0"]
[WhiteElo "2220"]
[BlackElo "2334"]
[TimeControl "300"]
[EndTime "10:09:49 PDT"]
[Termination "PureDashingOctopus won by resignation"]

1. e4 Nc6 2. Nf3 d6 3. d4 Nf6 4. Nc3 g6 5. Be3 Bg7 6. h3 O-O 7.
Qd2 e5 8. d5 Nd4 9. Nxd4 exd4 10. Bxd4 Re8 11. f3 c5 12. dxc6 bxc6 13. O-O-O d5 14.
exd5 cxd5 15. Bb5 Re6 16. g4 Qa5 17. g5 Nh5 18. Bxg7 Nxg7 19. Qxd5 Rb8 20. Qd8+ Qxd8 21. Rxd8+ Ne8 22. Rxe8+ Kg7 23. Rd8 a6 24. Bd7 1-0

[Event "Live Chess"]
[Site "Chess.com"]
[Date "2024.06.01"]
[Round "-"]
[White "bill77678"]
[Black "Keithdfg"]
[Result "1-0"]
[WhiteElo "1819"]
[BlackElo "1754"]
[TimeControl "300"]
[EndTime "10:09:54 PDT"]
[Termination "bill77678 won by resignation"]

1. e4 d6 2. d4 Nf6 3. Nc3 Nbd7 4. Nf3 e5 5. Bd3 h6 6. O-O c6 7. dxe5 dxe5 8. Be3 Qc7 9. h3 g6 10. Qe2 Bg7 11. Rfd1 O-O 12. a3 Re8 13. Na2 Nf8 14. Rd2 Ne6 15. Rad1 Nh5 16. Bc4 Nhf4 17. Qf1 Bf8 18.
Bxf4 exf4 19. Bxe6 Bxe6 20. b3 Bxa3 21. c4 a5 22. Nc3 Bb4 23. Rd3 Rad8 24. Rxd8 Rxd8 25. Rxd8+ Qxd8 26. Qd1 Qxd1+ 27. Nxd1 a4 28. bxa4 Bxc4 29. Nb2 Bb3 30. Nd4 Ba2 31. Nd3 Bc3 32. Ne2 g5 33.
Nxc3 1-0

[Event "Live Chess"]
[Site "Chess.com"]
[Date "2024.06.01"]
[Round "-"]
[White "GwaryTek"]
[Black "NottheBishopSacrifice"]
[Result "0-1"]
[WhiteElo "1896"]
[BlackElo "2171"]
[TimeControl "300"]
[EndTime "10:10:01 PDT"]
[Termination "NottheBishopSacrifice won by resignation"]

1. d4 c6 2. c4 d5 3. Nc3 Nf6 4. Nf3 dxc4 5. a4 Bf5 6. g3 e6 7.
Bg2 Nbd7 8. O-O a5 9. Re1 Bb4 10. Nh4 O-O 11. e4 Bg4 12. Qc2 e5 13. Be3 exd4 14.
Bxd4 c5 15. Be3 Ne5 16. h3 Be6 17. Rad1 Nd3 18. e5 Nxe1 19. Rxe1 Nd5 20. Bxd5 Bxc3 21.
Qxc3 Qxd5 22. Ng2 Qd3 23. Qc1 Rfd8 24. Nf4 Qe4 25. Bxc5 Qf3 26. Bd6 Bd5 27. Kh2 Bc6 28. Re3 Qxf2+ 0-1

[Event "Live Chess"]
[Site "Chess.com"]
[Date "2024.06.01"]
[Round "-"]
[White "Queensandpawns"]
[Black "defenderalist"]
[Result "1-0"]
[WhiteElo "2474"]
[BlackElo "1495"]
[TimeControl "300"]
[EndTime "10:10:02 PDT"]
[Termination "Queensandpawns won by resignation"]

1. e4 c5 2. d4 d6 3. c3 cxd4 4. Bc4 e6 5. Nf3 Nc6 6. O-O a6 7. cxd4 b5 8. Bb3 Bb7 9. d5 Ne5 10. Nxe5 dxe5 11. dxe6 Qxd1 12. Rxd1 fxe6 13. Bxe6 Bxe4 14.
Nc3 Nf6 15. Nxe4 Nxe4 16. Bd5 Nf6 17. Bxa8 1-0

[Event "Live Chess"]
[Site "Chess.com"]
[Date "2024.06.01"]
[Round "-"]
[White "MaximKhimchenko"]
[Black "DoctorMantisTobogganMD"]
[Result "1-0"]
[WhiteElo "1807"]
[BlackElo "2191"]
[TimeControl "300"]
[EndTime "10:10:10 PDT"]
[Termination "MaximKhimchenko won by resignation"]

1. g3 h5 2. h4 g6 3. Nf3 Bg7 4.
Bg2 d5 5. c4 Nf6 6. cxd5 Nxd5 7.
d4 O-O 8. Nc3 Nxc3 9. bxc3 c6 10. e4 Bg4 11. Bh3 Bxh3 12. Rxh3 c5 13. Ng5 cxd4 14. g4 dxc3 15. Rd3 Qa5 16. Kf1 c2 17. Qxc2 Bxa1 18. gxh5 Na6 19. hxg6 Rac8 20. gxf7+ Rxf7 21. Qxc8+ Kg7 22. Nxf7 Kxf7 23. Rf3+ Bf6 24. Qc4+ Ke8 25.
Qg8+ Kd7 26. Rd3+ Kc6 27. Qd5+ Qxd5 28. exd5+ Kd6 29. h5 Kd7 30. h6 Nc5 31. Rf3 Be5 32.
Bf4 Bd4 33. Be3 1-0

[Event "Live Chess"]
[Site "Chess.com"]
[Date "2024.06.01"]
[Round "-"]
[White "StoreySniper"]
[Black "ogpin"]
[Result "1-0"]
[WhiteElo "2549"]
[BlackElo "2235"]
[TimeControl "300"]
[EndTime "10:10:28 PDT"]
[Termination "StoreySniper won by checkmate"]

1. c4 g6 2. g3 Bg7 3. Bg2 Nf6 4.
Nc3 O-O 5. d4 c6 6. e4 d6 7.
Nge2 a6 8. a4 a5 9. Bg5 h6 10.
Be3 Na6 11. h3 e5 12. d5 Nb4 13. Qd2 Re8 14. O-O Kh7 15. f4 cxd5 16. cxd5 b6 17.
fxe5 dxe5 18. Nb5 Ba6 19. Nec3 Rc8 20. Rac1 Qd7 21. Bxb6 Nh5 22. Kh2 Bf6 23. Be3 Bg7 24.
h4 Rc4 25. Bh3 Qd8 26. Rxf7 Rf8 27. Rcf1 Rxf7 28. Rxf7 Bxb5 29. axb5 Qe8 30. Be6 Rd4 31. Bxd4 exd4 32. Ne2 d3 33. Nf4 Nf6 34. Nxd3 Nxe4 35. Qe3 Nxd3 36. Qxe4 Ne5 37. Rxg7+ Kxg7 38. Qxe5+ Kh7 39.
Qf6 h5 40. Qf7+ Qxf7 41. Bxf7 Kg7 42. Bxg6 Kxg6 43. b6 a4 44. b7 a3 45. bxa3 Kf5 46.
b8=Q Kg4 47. Qf4# 1-0

[Event "Live Chess"]
[Site "Chess.com"]
[Date "2024.06.01"]
[Round "-"]
[White "LL220284LL"]
[Black "KyryloPoluliakh"]
[Result "1-0"]
[WhiteElo "2575"]
[BlackElo "1479"]
[TimeControl "300"]
[EndTime "10:10:39 PDT"]
[Termination "LL220284LL won by checkmate"]

1. e4 c5 2. d4 cxd4 3. c3 dxc3 4.
Nxc3 Nc6 5. Bc4 g6 6. Nf3 Bg7 7. O-O Nh6 8. Bg5 O-O 9. h3 Kh8 10. Qd2 Ng8 11. Rad1 d6 12. Rfe1 Bd7 13. a3 Ne5 14.
Nxe5 Bxe5 15. Nd5 Bc6 16. f4 Bg7 17. f5 Bxd5 18. Bxd5 Rb8 19. fxg6 hxg6 20. Qf4 Nf6 21. Qh4+ Nh7 22. Bxe7 Qb6+ 23. Kh1 Rfc8 24. Bxf7 d5 25. exd5 Rc7 26. d6 Rd7 27. Bxg6 Bh6 28. Qxh6 Rxe7 29.
Rxe7 Kg8 30. Qxh7+ Kf8 31. Qg7# 1-0

[Event "Live Chess"]
[Site "Chess.com"]
[Date "2024.06.01"]
[Round "-"]
[White "Larchikov"]
[Black "Tilbs_12"]
[Result "0-1"]
[WhiteElo "1946"]
[BlackElo "1658"]
[TimeControl "300"]
[EndTime "10:10:49 PDT"]
[Termination "Tilbs_12 won by resignation"]

1. e4 c6 2. d4 d5 3. e5 c5 4. c3 Nc6 5. Nf3 cxd4 6. cxd4 Bg4 7. Be2 e6 8. O-O Nge7 9. h3 Bxf3 10. Bxf3 Qb6 11.
Nc3 Qxd4 12. Nb5 Qxd1 13. Rxd1 Rc8 14. Nd6+ Kd7 15. Nxc8 Kxc8 16. Be3 Ng6 17. Rac1 Kb8 18. Be2 Ngxe5 19. f4 Nd7 20. Bb5 Kc7 21. Bxa7 Nb6 22. Bxb6+ Kxb6 23. Bxc6 bxc6 24. Rd3 Bd6 25. g3 Ra8 26. a3 c5 27. Kg2 Kc6 28. Kf3 c4 29.
Rd2 Rb8 30. g4 h6 31. f5 Be5 32. Rcc2 Rb3+ 33. Kg2 Rg3+ 34. Kf2 Rxh3 35. fxe6 fxe6 36. Re2 Kd6 37. a4 Rb3 38. Rc1 Bxb2 39. Rce1 e5 40. a5 c3 41. a6 Ra3 42. Rxe5 c2 43. Re6+ Kc5 44. Re7 Rxa6 45. R7e2 c1=Q 46. Rxc1+ Bxc1 47. Rc2+ Kd6 48. Rxc1 Ra3 49. Re1 d4 50. Rd1 Kc5 51.
Rc1+ Kd5 52. Rc7 g5 53. Rh7 Ra6 54. Ke2 Re6+ 55. Kd2 Re3 56. Rxh6 Rg3 57. Rh8 Rxg4 58. Kd3 Rg3+ 59. Kd2 g4 60. Rd8+ Ke4 61. Re8+ Kf3 62.
Rf8+ Kg2 63. Rd8 d3 64. Rf8 Rf3 65. Rg8 g3 66. Kd1 Kf2 67. Ra8 g2 68. Ra2+ Kg3 69.
Kd2 g1=Q 70. Kc3 Qc5+ 71. Kd2 Rf2+ 72. Kxd3 Rxa2 0-1

[Event "Live Chess"]
[Site "Chess.com"]
[Date "2024.06.01"]
[Round "-"]
[White "Zhevzh1k7"]
[Black "grillage"]
[Result "0-1"]
[WhiteElo "1072"]
[BlackElo "1889"]
[TimeControl "300"]
[EndTime "10:10:49 PDT"]
[Termination "grillage won by checkmate"]

1. e4 d5 2. d4 e6 3. exd5 exd5 4. Nc3 c6 5. Nf3 Bd6 6. Bd3 Ne7 7. O-O Bf5 8. Bxf5 Nxf5 9. Re1+ Ne7 10. Bg5 O-O 11. Qd3 Qc7 12. Re3 Ng6 13. Rae1 Bf4 14. Bxf4 Qxf4 15.
Ne5 Nxe5 16. Rxe5 Nd7 17. Re7 Rad8 18. Ne2 Qf6 19. Re3 Rfe8 20. Ng3 Rxe3 21. Rxe3 Nf8 22. Rf3 Qg6 23. Nf5 Re8 24. h3 Ne6 25. Nd6 Re7 26.
Nf5 Rd7 27. Ng3 Qxd3 28. Rxd3 Re7 29. Kf1 g6 30. Re3 Kf8 31. c3 f5 32. Re2 Kf7 33. Ke1 Nf4 34. Rxe7+ Kxe7 35. Kf1 Nd3 36. b3 Nc1 37. a4 Nxb3 38. Ne2 Nd2+ 39. Ke1 Nc4 40. f4 a5 41. Kf2 b5 42. axb5 cxb5 43. Nc1 a4 44. Na2 Nd6 45. Kf3 Ne4 46. g4 a3 47. gxf5 gxf5 48. h4 h5 49. Ke3 Kd6 50. Kd3 Ng3 51. Nb4 Ne4 52. Na2 Kc6 53. Ke3 Kb6 54. Kd3 Ka5 55. Kc2 Ka4 56. Kd3 Ng3 57. Kc2 Ne2 58. Nb4 Nxf4 59. Kb1 Kb3 60. Ka1 Kxc3 61.
Ka2 Kxb4 62. Ka1 Kc4 63. Ka2 Kxd4 64. Kxa3 Ng2 65. Kb4 Nxh4 66. Kxb5 f4 67. Kc6 f3 68. Kd6 f2 69. Kd7 f1=Q 70. Kd6 Qf6+ 71. Kd7 Kc5 72.
Kc7 Qe7+ 73. Kc8 Kb6 74. Kb8 Qe8# 0-1

[Event "Live Chess"]
[Site "Chess.com"]
[Date "2024.06.01"]
[Round "-"]
[White "Ksenia_2013"]
[Black "Berdgross"]
[Result "1-0"]
[WhiteElo "786"]
[BlackElo "594"]
[TimeControl "300"]
[EndTime "10:11:00 PDT"]
[Termination "Ksenia_2013 won by checkmate"]

1. e4 e5 2. Nf3 d6 3. Bc4 Nf6 4.
Ng5 Be6 5. Nxe6 fxe6 6. Bxe6 Nxe4 7. Qf3 Ng5 8. Qf5 Nc6 9. d3 Nd4 10. Bf7+ Nxf7 11. Qe4 Nxc2+ 12. Kf1 Nxa1 13. Qxb7 Nc2 14. Qc6+ Ke7 15. Qxc2 Rb8 16. Qe2 Kd7 17. Qg4+ Ke7 18. Bg5+ Ke8 19. Bxd8 Nxd8 20. Qh5+ g6 21. Qg5 Rxb2 22.
Nc3 Rc2 23. Nd5 Rc1+ 24. Ke2 Rxh1 25. Nf6+ Kf7 26. Nd7 Rxh2 27. Qg3 Rh5 28. Qf3+ Ke7 29. Qf6+ Kxd7 30. Qxh8 Be7 31. Qg7 Ne6 32. Qg8 Nf4+ 33.
Kf3 Nxd3 34. Qd5 Rf5+ 35. Ke4 Nxf2+ 36. Ke3 Bg5+ 37. Ke2 Ng4 38. Qb5+ Ke6 39. Qe8+ Kf6 40. Qd8+ Ke6 41. Qe8+ Kd5 42. Qb5+ Ke4 43. Qd3+ Kf4 44. Qf3# 1-0

[Event "Live Chess"]
[Site "Chess.com"]
[Date "2024.06.01"]
[Round "-"]
[White "halfberg"]
[Black "sshamil"]
[Result "1-0"]
[WhiteElo "1905"]
[BlackElo "1704"]
[TimeControl "300"]
[EndTime "10:11:04 PDT"]
[Termination "halfberg won by resignation"]

1. e4 Nc6 2. d4 e6 3. Nf3 Be7 4.
c4 Nf6 5. Nc3 d5 6. cxd5 exd5 7.
e5 Nd7 8. Bd3 b6 9. O-O a5 10.
Nxd5 Bb7 11. Nxe7 Qxe7 12. Re1 O-O-O 13. Bg5 Qb4 14. Bxd8 Rxd8 15. Be4 f6 16. e6 Ndb8 17. d5 Ne5 18. Nxe5 fxe5 19. Rc1 c6 20. Qg4 g6 21.
dxc6 Bxc6 22. Bxc6 Nxc6 23. e7+ 1-0

[Event "Live Chess"]
[Site "Chess.com"]
[Date "2024.06.01"]
[Round "-"]
[White "DarranAS"]
[Black "powerchs"]
[Result "0-1"]
[WhiteElo "1529"]
[BlackElo "1256"]
[TimeControl "300"]
[EndTime "10:11:09 PDT"]
[Termination "powerchs won by resignation"]

1. d4 Nf6 2. c4 g6 3. Nc3 Bg7 4. Nf3 O-O 5. e3 d6 6. Bd3 Nbd7 7. Qc2 Re8 8. O-O e5 9. dxe5 dxe5 10. Ne4 Nxe4 11.
Bxe4 f5 12. Bd5+ Kh8 13. Rd1 c6 14. Bf7 Rf8 15. Bxg6 hxg6 16. Bd2 Qf6 17. Bc3 Qe6 18. b3 Nc5 19. Rd2 Ne4 20. Rd3 Nxc3 21. Rxc3 e4 22. Ng5 Qf6 0-1

[Event "Live Chess"]
[Site "Chess.com"]
[Date "2024.06.01"]
[Round "-"]
[White "E2E4colchester"]
[Black "hapehansen"]
[Result "0-1"]
[WhiteElo "1487"]
[BlackElo "2243"]
[TimeControl "300"]
[EndTime "10:11:13 PDT"]
[Termination "hapehansen won by checkmate"]

1. d4 Nf6 2. c4 c5 3. dxc5 b5 4. cxb5 e6 5. e3 Bxc5 6. Nc3 Bb7 7. Nf3 O-O 8. Be2 a6 9. bxa6 Nxa6 10. O-O Qe7 11.
Bxa6 Bxa6 12. Re1 d5 13. Na4 Ba7 14. b3 Ne4 15. Bb2 Rac8 16. Rc1 Rxc1 17. Qxc1 Rc8 18.
Qb1 Bb5 19. Bd4 Bxd4 20. Nxd4 Bxa4 21. bxa4 h6 22. Rc1 Ra8 23. Nc6 Qa3 24. Qb3 Qxc1+ 25.
Qd1 Qxd1# 0-1

[Event "Live Chess"]
[Site "Chess.com"]
[Date "2024.06.01"]
[Round "-"]
[White "KGreenGator"]
[Black "updatedopenings2024"]
[Result "0-1"]
[WhiteElo "1768"]
[BlackElo "1805"]
[TimeControl "300"]
[EndTime "10:11:23 PDT"]
[Termination "updatedopenings2024 won by resignation"]

1. c4 c6 2. d4 d5 3. Nc3 Nf6 4.
e3 Bg4 5. Nf3 e6 6. Be2 Be7 7.
cxd5 cxd5 8. h3 Bxf3 9. Bxf3 O-O 10. O-O Nc6 11. a3 Rc8 12. Re1 Na5 13. Bd2 Nc4 14. Bc1 a6 15. e4 dxe4 16. Nxe4 Nxe4 17. Bxe4 Qb6 18. b3 Nd6 19. Bd3 Rfd8 20. Qh5 g6 21.
Qe5 Bf8 22. Bg5 Bg7 23. Qf4 Qxd4 24. Qxd4 Bxd4 25. Rad1 Re8 26. Be2 Bc3 27. Rf1 Ne4 28. Be3 Red8 29. Rb1 Nd2 30. Bxd2 Rxd2 31. Bf3 b5 32. Bb7 Rc5 33. Bxa6 Bd4 34. Bb7 Rcc2 35. a4 bxa4 36. bxa4 Bxf2+ 37. Kh1 Bd4 38. a5 Kg7 39. a6 Ra2 40. Rbd1 Rxd1 41. Rxd1 e5 42. Rf1 f5 43.
Rc1 e4 44. Rc7+ Kh6 45. Rc6 Kg5 46. Kh2 Be5+ 47. Kg1 e3 48. Rc1 Bg3 49. Kf1 e2+ 0-1

[Event "Live Chess"]
[Site "Chess.com"]
[Date "2024.06.01"]
[Round "-"]
[White "Brooms1989"]
[Black "Mangoalo"]
[Result "0-1"]
[WhiteElo "1056"]
[BlackElo "1009"]
[TimeControl "300"]
[EndTime "10:11:27 PDT"]
[Termination "Mangoalo won by resignation"]

1. e4 f5 2. exf5 Nf6 3. d4 h6 4. Nf3 d5 5. Ne5 Nbd7 6. Ng6 Rg8 7. Be2 Nb6 8. O-O Bxf5 9. Bd3 Qd7 10. Ne5 Qe6 11. c3 O-O-O 12. Bxf5 Qxf5 13. Qa4 Nxa4 0-1

[Event "Live Chess"]
[Site "Chess.com"]
[Date "2024.06.01"]
[Round "-"]
[White "kylet1990"]
[Black "Trecregin"]
[Result "0-1"]
[WhiteElo "724"]
[BlackElo "1851"]
[TimeControl "300"]
[EndTime "10:11:32 PDT"]
[Termination "Trecregin won by checkmate"]

1. e4 Nf6 2. e5 Nd5 3. Bc4 Nb6 4. Bb3 g6 5. d4 Bg7 6. Nf3 O-O 7. O-O d6 8. Nc3 Nc6 9. Bf4 Bg4 10. h3 Bxf3 11.
Qxf3 Nxd4 12. Qd3 Nxb3 13. axb3 dxe5 14. Bg5 Qxd3 15. cxd3 Bf6 16. Bxf6 exf6 17. Ne4 Kg7 18. Rac1 c6 19. f4 Rfd8 20. fxe5 fxe5 21. Rcd1 Rd5 22. Ng5 f5 23. h4 Kf6 24. Nxh7+ Ke6 25. Ng5+ Kd6 26. Kh2 Kc5 27. Ne6+ Kb4 28. Ng5 Kxb3 29.
Rd2 Rh8 30. Kh3 Nd7 31. Rf3 Kb4 32. Ne6 Nf6 33. Nc7 Rd4 34. Ne6 Rdxh4+ 35. Kg3 Rg4+ 36. Kf2 Rh2 37. Ke3 Rgxg2 38. Rxg2 Rxg2 39. Nc7 Ng4# 0-1

[Event "Live Chess"]
[Site "Chess.com"]
[Date "2024.06.01"]
[Round "-"]
[White "Frankie_Badacsonyi"]
[Black "CheckThis4"]
[Result "0-1"]
[WhiteElo "2445"]
[BlackElo "2693"]
[TimeControl "300"]
[EndTime "10:11:54 PDT"]
[Termination "CheckThis4 won by resignation"]

1. d4 Nf6 2. c4 g6 3. Nc3 d5 4.
e3 Bg7 5. Qb3 c6 6. Nf3 O-O 7.
Bd2 dxc4 8. Bxc4 b5 9. Be2 a5 10. O-O a4 11. Qd1 Bf5 12. Rc1 Nbd7 13. Nh4 Be6 14. Bd3 Rc8 15. Nf3 Bg4 16. h3 Bxf3 17. Qxf3 e5 18. Rfe1 Re8 19. Bf1 Nb6 20. dxe5 Rxe5 21.
Red1 Qe7 22. a3 h5 23. Na2 Nfd5 24. Nb4 Nxb4 25. Bxb4 c5 26. Bc3 Rf5 27. Qe2 Nc4 28. Bxg7 Kxg7 29. Qc2 Nd6 30. b3 axb3 31. Qxb3 Ne4 32.
Qb2+ Qf6 33. Qxf6+ Rxf6 34. Rc2 c4 35. Rb1 Rc5 36. a4 bxa4 37. Rxc4 Rxc4 38. Bxc4 Nd2 39. Rc1 Rc6 0-1

[Event "Live Chess"]
[Site "Chess.com"]
[Date "2024.06.01"]
[Round "-"]
[White "TigerTank70"]
[Black "Delacorta"]
[Result "1-0"]
[WhiteElo "2172"]
[BlackElo "1448"]
[TimeControl "300"]
[EndTime "10:12:06 PDT"]
[Termination "TigerTank70 won by resignation"]

1. e4 e6 2. d4 d5 3. e5 c5 4. c3 Nc6 5. Nf3 Qb6 6. Be2 Nge7 7.
dxc5 Qxc5 8. b4 Qb6 9. O-O Ng6 10. Be3 Qc7 11. Bd4 Bd7 12. Nbd2 O-O-O 13. a4 h5 14. a5 a6 15. b5 Nxd4 16. Nxd4 Qxe5 17. bxa6 Bc5 18.
axb7+ Kb8 19. N2f3 Qe4 20. a6 Nf4 21. Re1 Bxd4 22. Qxd4 Qxd4 23. Nxd4 Nxe2+ 24. Rxe2 e5 25. Rxe5 Rhe8 26. Rxd5 1-0

[Event "Live Chess"]
[Site "Chess.com"]
[Date "2024.06.01"]
[Round "-"]
[White "DJ_Lambton"]
[Black "missedJariChance"]
[Result "1-0"]
[WhiteElo "1778"]
[BlackElo "1341"]
[TimeControl "300"]
[EndTime "10:12:10 PDT"]
[Termination "DJ_Lambton won by resignation"]

1. c4 e6 2. g3 Nf6 3. Bg2 c6 4. Nc3 d5 5. cxd5 cxd5 6. d4 Nc6 7. Bg5 Be7 8. e3 O-O 9. Nge2 Qb6 10. Rb1 Nd7 11. Bxe7 Nxe7 12. O-O Ng6 13. Qc2 Nf6 14. Rfc1 Re8 15. Na4 Qd6 16. Nc5 b6 17. Nd3 e5 18.
dxe5 Nxe5 19. Nxe5 Qxe5 20. Nf4 Bf5 21. e4 dxe4 22. Qc6 Rac8 23. Qb7 Rxc1+ 24. Rxc1 h6 25.
Re1 Qxb2 26. Nd5 Nxd5 27. Qxd5 Bd7 28. Qxd7 Rf8 29. Rxe4 Qxa2 30. Qe7 Qb2 31. Re2 Qc1+ 32. Re1 1-0

[Event "Live Chess"]
[Site "Chess.com"]
[Date "2024.06.01"]
[Round "-"]
[White "Enhard"]
[Black "Pedrada88"]
[Result "0-1"]
[WhiteElo "1424"]
[BlackElo "2552"]
[TimeControl "300"]
[EndTime "10:12:28 PDT"]
[Termination "Pedrada88 won by resignation"]

1. d4 Nf6 2. Bf4 b6 3. e3 Bb7 4. Nf3 e6 5. h3 Bd6 6. Be2 Bxf4 7. exf4 Nd5 8. g3 h5 9. h4 Qf6 10. c3 c5 11. O-O Nc6 12. Nbd2 cxd4 13. Ne4 Qe7 14.
Nxd4 O-O-O 15. Bf3 Kb8 16. Nxc6+ dxc6 17. Qe2 c5 18. Rfd1 Nxf4 19. Rxd8+ Rxd8 20. gxf4 Qxh4 21. Ng3 Qxf4 22. Bxb7 Kxb7 23. Qe4+ Qxe4 24. Nxe4 f5 25. Ng5 e5 26. Ne6 Rd6 27. Ng5 Rg6 28. f4 exf4 0-1

[Event "Live Chess"]
[Site "Chess.com"]
[Date "2024.06.01"]
[Round "-"]
[White "peteopeteo"]
[Black "seasidecastle27"]
[Result "0-1"]
[WhiteElo "1607"]
[BlackElo "1948"]
[TimeControl "300"]
[EndTime "10:12:34 PDT"]
[Termination "seasidecastle27 won by resignation"]

1. e4 e6 2. d4 d5 3. exd5 exd5 4.
Nf3 Nf6 5. Bd3 Be7 6. O-O Bg4 7. Re1 Nbd7 8. Be3 O-O 9. h3 Bh5 10. Be2 c6 11. c3 Re8 12. Nbd2 Qc7 13. Qc2 Bd6 14. Bd3 Re7 15. Ng5 Bg6 16. Bxg6 hxg6 17.
Ndf3 Rae8 18. Rad1 Ne4 19. Nxe4 Rxe4 20. Ng5 R4e7 21.
Bd2 Bf4 22. Nf3 Rxe1+ 23. Rxe1 Rxe1+ 24. Nxe1 Qd6 25. Nd3 Bxd2 26. Qxd2 Qe6 27. Qe3 Qxe3 28. fxe3 f6 29. Kf2 Kf7 30. g4 b6 31. b4 Nf8 32. a4 Ne6 33. h4 g5 34. h5 g6 35.
hxg6+ Kxg6 36. b5 cxb5 37. axb5 Nc7 38. Nb4 Nxb5 39. Nxd5 a5 40. c4 Nd6 41. c5 bxc5 42.
dxc5 Ne4+ 43. Ke2 Nxc5 44. Kd2 f5 45. gxf5+ Kxf5 46. Kc3 Ke4 47. Kc4 Nb7 48. Nf6+ Kxe3 49. Kb5 Kf4 50. Kb6 a4 51. Kxb7 a3 52. Nd5+ Kf3 53.
Nb4 g4 54. Nc2 a2 55. Kc6 g3 56. Nd4+ Kf2 57. Nb3 g2 58. Kd5 g1=Q 59. Na1 Qxa1 0-1

[Event "Live Chess"]
[Site "Chess.com"]
[Date "2024.06.01"]
[Round "-"]
[White "willc-h99"]
[Black "SirGerhard"]
[Result "0-1"]
[WhiteElo "2648"]
[BlackElo "2771"]
[TimeControl "300"]
[EndTime "10:12:49 PDT"]
[Termination "SirGerhard won by resignation"]

1. Nf3 d5 2. g3 Nf6 3. Bg2 c6 4. O-O Bg4 5. h3 Bxf3 6. Bxf3 Nbd7 7. d3 e6 8. Bg2 Bd6 9. c4 O-O 10. Nc3 Re8 11. Bd2 a6 12. Rc1 dxc4 13. dxc4 Qc7 14. Ne4 Nxe4 15. Bxe4 Nf6 16. Bg2 Rad8 17.
Qc2 Be5 18. e3 h5 19. f4 Bd6 20.
Kh2 a5 21. Bc3 Bb4 22. Bxf6 gxf6 23. Rcd1 Qb6 24. Qe2 Kg7 25. Be4 f5 26. Bf3 Bc5 27. e4 fxe4 28. Bxe4 Rxd1 29. Rxd1 Rd8 30. Rxd8 Qxd8 31.
Qxh5 Qd2+ 32. Bg2 Bd4 33. Qg5+ Kf8 34. Qd8+ Kg7 35. Qg5+ Kh7 36. h4 Bxb2 37. Kh3 Bg7 38.
Be4+ f5 39. Bg2 Qd7 40. h5 Qf7 41. g4 Bh6 42. Qg6+ Qxg6 43. hxg6+ Kxg6 44. g5 Bf8 45. Kg3 Bd6 46. Kf3 e5 47. fxe5 Bxe5 48. Bf1 Kxg5 49.
Bd3 Kf6 50. a4 Bd6 51. Bc2 Ke5 52. Ke3 Bc5+ 53. Kd3 Kf4 54. Bd1 Kg3 55. Bh5 Kf2 56.
Bg6 f4 57. Bh5 Bd6 58. Bg4 Kg3 59. Bc8 f3 60. Bxb7 f2 61. Ke2 Kg2 62. Bxc6+ Kg1 0-1

[Event "Live Chess"]
[Site "Chess.com"]
[Date "2024.06.01"]
[Round "-"]
[White "DoctorMantisTobogganMD"]
[Black "Berdgross"]
[Result "1-0"]
[WhiteElo "2191"]
[BlackElo "594"]
[TimeControl "300"]
[EndTime "10:12:49 PDT"]
[Termination "DoctorMantisTobogganMD won by checkmate"]

1. e4 e5 2. Bc4 d6 3. Nc3 Nf6 4. Nge2 Nc6 5. O-O h6 6. d3 Bg4 7. f3 Be6 8. Bb5 Bd7 9. f4 exf4 10. Nxf4 Bg4 11. Qe1 a6 12. Ba4 b5 13. Bb3 Nd4 14. h3 Be6 15. Nxe6 fxe6 16. Qf2 Nxb3 17. axb3 d5 18. e5 Nd7 19. Qf7# 1-0

[Event "Live Chess"]
[Site "Chess.com"]
[Date "2024.06.01"]
[Round "-"]
[White "Ninifu"]
[Black "Duke_of_Bebington"]
[Result "1/2-1/2"]
[WhiteElo "2045"]
[BlackElo "1612"]
[TimeControl "300"]
[EndTime "10:12:58 PDT"]
[Termination "Game drawn by agreement"]

1. d4 d5 2. e4 dxe4 3. Nc3 Nf6 4. f3 exf3 5. Nxf3 Bg4 6. h3 Bxf3 7. Qxf3 Nc6 8. Be3 e6 9. O-O-O Bb4 10. Bb5 Qd6 11. Ne4 Nxe4 12. Qxe4 O-O 13. Bd3 g6 14. c3 Ba5 15. h4 Ne7 16. h5 Nf5 17. hxg6 fxg6 18. Bf4 Qc6 19. Qxc6 bxc6 20. Be5 Bb6 21. Bc4 Rae8 22.
g4 Ne3 23. Rxh7 Nxd1 1/2-1/2